Map: Echo LE (Void)

Players

Crispymold - Winner!

  • Race: Protoss Protoss
  • League: Silver
  • Spawn Location: 11:00

Anguish

  • Race: Protoss Protoss
  • League: Gold
  • Spawn Location: 5:00

VOD

Have the link to the VOD?

Description

Time

  • Played on: Jan. 9, 2017, 9:04 p.m.
  • Length: 13:42
Show
View Real Time Build Order
Export as new Build Order

Crispymold Protoss - Winner!

Build Orders: Nexus First 

Get SALT Encoding   

  12  0:03  Probe (Chrono Boost)  
  13  0:18  Pylon  
  13  0:21  Probe (Chrono Boost)  
  14  0:31  Probe (Chrono Boost)  
  15  0:42  Probe (Chrono Boost)  
  16  0:59  Nexus  
  16  1:15  Probe (Chrono Boost)  
  16  1:16  Gateway  
  17  1:25  Probe (Chrono Boost)  
  18  1:28  Assimilator  
  18  1:32  Assimilator  
  18  1:36  Probe (Chrono Boost)  
  19  2:02  Probe (Chrono Boost)  
  20  2:12  Probe (Chrono Boost)  
  20  2:13  Probe (Chrono Boost)  
  20  2:15  Forge  
  22  2:23  Probe x2 (Chrono Boost)  
  22  2:28  Pylon  
  24  2:33  Probe (Chrono Boost)  
  24  2:34  Pylon, Probe (Chrono Boost)  
  26  2:38  Zealot  
  26  2:44  Probe x2 (Chrono Boost)  
  29  2:50  Cybernetics Core  
  30  2:56  Photon Cannon  
  30  3:03  Probe x2 (Chrono Boost)  
  32  3:12  Photon Cannon  
  32  3:13  Probe (Chrono Boost)  
  33  3:21  Probe (Chrono Boost)  
  33  3:24  Probe (Chrono Boost)  
  33  3:27  Photon Cannon  
  35  3:34  Probe (Chrono Boost), Pylon  
  36  3:37  Warp Gate  
  36  3:45  Photon Cannon  
  36  3:48  Assimilator  
  36  3:52  Assimilator  
  36  4:00  Robotics Facility  
  36  4:06  Twilight Council  
  36  4:11  Pylon  
  36  4:35  Gateway x2  
  36  4:37  Gateway  
  36  4:39  Blink  
  36  4:42  Protoss Ground Weapons Level 1  
  36  4:50  Warp Prism, Pylon  
  36  4:51  Photon Cannon  
  38  5:18  Pylon  
  38  5:27  Probe x2 (Chrono Boost)  
  40  5:34  Pylon  
  40  5:39  Probe x2 (Chrono Boost)  
  42  5:51  Probe x2 (Chrono Boost)  
  42  5:59  Gateway  
  42  6:00  Gateway  
  42  6:03  Probe x2 (Chrono Boost), Gateway x2  
  44  6:05  Pylon  
  44  6:15  Probe x2 (Chrono Boost), Stalker  
  48  6:23  Immortal  
  48  6:25  Protoss Ground Weapons Level 2  
  48  6:31  Stalker  
  54  6:42  Stalker x2  
  58  7:00  Observer  
  58  7:01  Stalker x2  
  63  7:12  Pylon  
  62  7:24  Stalker  
  62  7:25  Stalker x6  
  76  7:49  Stalker x3  
  76  7:50  Stalker x2  
  86  7:57  Pylon  
  86  8:08  Stalker x3  
  92  8:15  Pylon  
  78  8:41  Stalker x2  
  78  8:42  Stalker x5  
  84  9:18  Stalker x2  
  84  9:19  Stalker x5  
  94  9:45  Stalker x5  
  104  10:11  Stalker  
  104  10:12  Stalker x4  
  113  10:33  Stalker x3  
  97  12:01  Nexus  
  97  12:07  Stalker  
  97  12:08  Stalker x4  
  105  12:09  Stalker x3  
  111  12:33  Observer  
  112  12:46  Assimilator  
  112  12:51  Assimilator, Stargate  
  112  12:56  Stargate  
  112  12:59  Stargate  
  112  13:03  Pylon  
  112  13:05  Pylon  
Show
View Real Time Build Order
Export as new Build Order

Anguish Protoss 

Build Orders: Double Forge, Nexus First 

Get SALT Encoding   

  12  0:02  Probe (Chrono Boost)  
  13  0:12  Probe (Chrono Boost)  
  14  0:33  Pylon  
  14  0:53  Nexus  
  14  0:57  Probe (Chrono Boost)  
  15  1:09  Gateway  
  15  1:13  Probe (Chrono Boost)  
  16  1:19  Assimilator  
  16  1:24  Probe (Chrono Boost)  
  17  1:37  Probe (Chrono Boost)  
  18  1:43  Forge  
  18  2:10  Probe x2 (Chrono Boost)  
  19  2:21  Probe x2 (Chrono Boost), Cybernetics Core  
  21  2:24  Assimilator  
  21  2:31  Probe x2 (Chrono Boost)  
  23  2:41  Pylon  
  23  2:42  Probe (Chrono Boost)  
  24  2:49  Photon Cannon  
  24  2:52  Probe x2 (Chrono Boost)  
  24  2:57  Warp Gate  
  26  3:02  Probe (Chrono Boost)  
  26  3:03  Probe (Chrono Boost)  
  28  3:13  Probe (Chrono Boost)  
  28  3:14  Probe (Chrono Boost)  
  28  3:17  Pylon  
  30  3:23  Probe (Chrono Boost)  
  30  3:24  Pylon  
  31  3:29  Forge  
  31  3:43  Pylon  
  31  3:44  Probe x2 (Chrono Boost)  
  33  3:53  Assimilator  
  33  3:55  Probe x2 (Chrono Boost), Assimilator  
  35  4:04  Protoss Ground Weapons Level 1  
  35  4:05  Probe x2 (Chrono Boost)  
  35  4:09  Gateway  
  37  4:14  Gateway  
  37  4:16  Probe (Chrono Boost)  
  38  4:20  Mothership Core (Chrono Boost)  
  40  4:30  Probe (Chrono Boost)  
  41  4:40  Probe (Chrono Boost)  
  42  4:50  Gateway  
  42  4:51  Probe (Chrono Boost)  
  43  4:54  Pylon  
  43  5:02  Probe (Chrono Boost)  
  43  5:03  Robotics Facility  
  44  5:09  Gateway  
  44  5:11  Gateway  
  44  5:12  Probe (Chrono Boost)  
  45  5:15  Gateway  
  45  5:20  Pylon  
  45  5:23  Probe (Chrono Boost)  
  45  5:27  Photon Cannon  
  45  5:28  Photon Cannon  
  46  5:30  Photon Cannon  
  45  5:44  Probe (Chrono Boost)  
  45  5:48  Photon Cannon  
  46  5:52  Protoss Shields Level 1  
  46  5:54  Probe (Chrono Boost), Protoss Ground Armor Level 1  
  46  5:56  Pylon  
  47  6:00  Photon Cannon  
  47  6:05  Probe (Chrono Boost)  
  48  6:16  Observer  
  48  6:18  Probe (Chrono Boost)  
  50  6:24  Photon Cannon x2  
  50  6:30  Probe (Chrono Boost)  
  51  6:42  Probe (Chrono Boost)  
  51  6:46  Observer  
  54  6:54  Probe (Chrono Boost)  
  54  7:05  Nexus  
  54  7:06  Probe (Chrono Boost)  
  55  7:08  Assimilator  
  55  7:13  Assimilator  
  55  7:14  Pylon  
  55  7:18  Probe (Chrono Boost), Pylon  
  55  7:20  Photon Cannon  
  56  7:24  Photon Cannon  
  56  7:25  Stalker x3  
  56  7:26  Photon Cannon, Stalker  
  56  7:28  Stalker  
  66  7:31  Photon Cannon  
  64  7:59  Twilight Council  
  64  8:16  Observer  
  64  8:18  Stalker x3  
  64  8:19  Stalker x4  
  61  8:43  Immortal  
  65  8:50  Stalker  
  65  8:51  Stalker x3  
  73  8:56  Stalker  
  69  9:06  Mothership Core (Chrono Boost)  
  59  9:15  Probe (Chrono Boost)  
  60  9:22  Stalker x3  
  66  9:26  Probe (Chrono Boost)  
  61  9:37  Probe (Chrono Boost)  
  62  9:38  Zealot  
  55  9:47  Probe (Chrono Boost)  
  42  9:58  Probe (Chrono Boost)  
  42  9:59  Pylon  
  43  10:01  Photon Cannon  
  43  10:08  Probe (Chrono Boost)  
  42  10:21  Gateway  
  42  10:24  Gateway  
  42  10:25  Pylon  
  42  10:28  Pylon  
  42  10:31  Forge  
  42  10:34  Probe (Chrono Boost)  
  43  10:41  Gateway  
  43  10:44  Probe (Chrono Boost), Gateway  
  43  10:48  Gateway  
  44  10:54  Pylon  
  44  10:55  Probe (Chrono Boost)  
  44  11:05  Probe (Chrono Boost)  
  45  11:16  Probe (Chrono Boost)  
  22  11:27  Probe (Chrono Boost)  
  23  11:37  Probe (Chrono Boost)  
  24  11:45  Cybernetics Core  
  24  11:48  Probe (Chrono Boost)  
  24  11:52  Photon Cannon  
  25  11:54  Photon Cannon  
  25  11:55  Photon Cannon  
  25  11:59  Photon Cannon  
  25  12:00  Photon Cannon  
  25  12:03  Photon Cannon  
  26  12:13  Pylon  
  25  12:17  Zealot  
  25  12:19  Zealot  
  25  12:20  Zealot  
  25  12:21  Zealot x2  
  27  12:46  Stalker x4  
  35  12:54  Stalker  
  37  12:58  Probe (Chrono Boost)  
  37  13:18  Zealot  
  37  13:19  Zealot  
  29  13:21  Zealot  
  23  13:34  Zealot x2  
Tags
 
Add a new tag
Caveats
  • Supply blocks, unpowered buildings, or Contaminate may cause inaccurate times.
  • Supply counts are checked every 10 seconds.